 Dungeon Crawl Stone Soup version 0.18.1-8-gdd0e5ea (webtiles) character file.

9911 GFox the Protected (level 11, 0/92 HPs)
             Began as a Formicid Monk on May 21, 2016.
             Was an Elder of Qazlal.
             Slain by Urug
             ... wielding a +0 great sword
              (22 damage)
             ... on level 10 of the Dungeon.
             The game lasted 01:22:55 (10512 turns).

GFox the Protected (Formicid Monk)                 Turns: 10512, Time: 01:22:55

Health: 0/92       AC: 22    Str: 20 (22) XL:     11   Next: 83%
Magic:  9/9        EV:  8    Int:  5 (9)  God:    Qazlal [****..]
Gold:   416        SH:  9    Dex: 10 (11) Spells: 0 memorised, 10 levels left

rFire  + . .     SeeInvis +     n - +1 battleaxe (chop)
rCold  . . .     Gourm    .     E - +3 plate armour {rPois}
rNeg   . . .     Faith    .     (no shield)
rPois  +         Spirit   .     (helmet unavailable)
rElec  .         Dismiss  .     h - +1 cloak {+Inv}
rCorr  .         Reflect  +     (no gloves)
SustAt .         Harm     .     (no boots)
MR     +....     Clarity  +     c - +4 amulet of reflection
Stlth  ..........               i - ring of protection from fire
                                e - ring of flight

@: repel missiles, somewhat resistant to hostile enchantments, extremely
unstealthy
A: permanent stasis, dig shafts and tunnels, four strong arms, antennae 3,
hooves 1, molten scales 1, blurry vision 1, clarity, clumsy 1, deterioration 2,
low mp 1, sense surroundings 1, strong 1
a: Dig, Shaft Self, Upheaval, Elemental Force, Renounce Religion, Evoke
Invisibility, Evoke Flight


You were on level 10 of the Dungeon.
You worshipped Qazlal.
Qazlal was greatly pleased with you.
You were not hungry.

You visited 2 branches of the dungeon, and saw 11 of its levels.
You also visited: Sewer.

You collected 416 gold pieces.

Inventory:

Hand Weapons
 n - a +1 battleaxe of chopping (weapon)
 A - a +4 hand axe of electrocution
Armour
 h - a +1 cloak of invisibility (worn)
 E - a +3 plate armour of poison resistance (worn)
Jewellery
 c - a +4 amulet of reflection (around neck)
 e - a ring of flight (left hand)
 i - a ring of protection from fire (right hand)
Wands
 p - a wand of flame (32/48)
 u - a wand of random effects (28/48)
 v - a wand of iceblast (4/15)
 y - a wand of flame (21/48)
Scrolls
 d - a scroll of amnesia
 f - 4 scrolls of remove curse
 g - 4 scrolls of identify
 m - 3 scrolls of recharging
Potions
 a - a potion of flight
 j - a potion of resistance
 q - a potion of cure mutation
 s - 3 potions of curing
 t - 3 potions of might
Comestibles
 b - 6 bread rations
 k - 3 meat rations
 l - 2 fruits
 r - 5 chunks of flesh
 x - 2 beef jerkies
 B - 7 slices of pizza


   Skills:
 + Level 10.3 Fighting
 + Level 6.4 Axes
   Level 5.0 Staves
 + Level 12.0 Armour
 + Level 4.5 Dodging
 + Level 3.9 Stealth
 + Level 5.9 Unarmed Combat


You had 10 spell levels left.
You didn't know any spells.

Dungeon Overview and Level Annotations

Branches:
Dungeon (10/15)            Temple (1/1) D:4
   Lair: D:8-11         Orc: D:9-12

Altars:
Ashenzari
Cheibriados
Dithmenos
Elyvilon
Fedhas
Gozag
Kikubaaqudgha
Makhleb
Nemelex Xobeh
Okawaru
Pakellas
Qazlal
Ru
Sif Muna
Trog
Vehumet
Xom
Yredelemnul
Zin
The Shining One

Shops:
D:6 *   D:7 (

Annotations:
D:10 Urug


Innate Abilities, Weirdness & Mutations

You are under a permanent stasis effect.
You can dig through walls and to a lower floor.
Your four strong arms can wield two-handed weapons with a shield.
You have a pair of large antennae on your head (SInv).
You have large cloven feet.
You are partially covered in molten scales (AC +1).
Scrolls take you a little longer to read.
You possess an exceptional clarity of mind.
You are clumsy. (Dex -2)
Your body often deteriorates upon taking damage.
Your magical capacity is low (-10% MP).
You passively map a small area around you.
Your muscles are strong. (Str +2)


Message History

Urug is heavily wounded.
Urug hits you with a great sword!
You closely miss Urug. Your kick misses Urug.
Urug is heavily wounded.
Urug hits you with a great sword!!
* * * LOW HITPOINT WARNING * * *
Your body deteriorates!
You feel weakened.
Drink which item? (? for menu, Esc to quit)
You feel better. Urug hits you with a great sword.
You barely miss Urug. You punch Urug, but do no damage.
Urug is heavily wounded.
Urug hits you with a great sword!!
* * * LOW HITPOINT WARNING * * *
Your body deteriorates!
You feel clumsy.
Drink which item? (? for menu, Esc to quit)
You feel better.
You hit Urug.
Urug is heavily wounded.
Urug hits you with a great sword!!
You die...

#.<....# , , ..## , #.....[#####,
...... , #......)...# *.......
#..........#####.......
#...................... *
#.....(.....................
#............()§........(........
#.........(...§()§§..............
..........(...§o@.§..............
≈≈≈≈≈≈≈≈≈≈≈≈≈≈≈()))))≈≈≈≈≈≈≈≈≈≈≈≈
≈≈≈≈≈≈≈≈≈≈≈≈≈≈§§§.[.≈≈≈≈≈≈≈≈≈≈≈
#####≈≈≈≈≈≈≈≈≈≈≈≈))..≈≈≈≈≈≈≈≈≈≈≈
#...#...............)..(........
#...#############('''############
###'#...........#)...#...........
#.))...)...)(.'....'..........§ ≈
#.#[)..)......#....#...........


You could see Urug.

Vanquished Creatures
  An orc warlord (D:10)
  Erica (D:8)
  Joseph (D:7)
  A gargoyle (D:10)
  11 yaks (D:9)
  A wyvern (D:7)
  A human (D:8)
  A hog (D:8)
  2 hungry ghosts
  9 wargs (D:10)
  4 ice beasts
  A black bear (D:6)
  6 orc warriors (D:10)
  5 ogres
  A centaur (D:10)
  8 giant frogs
  A big kobold (D:9)
  A gnoll sergeant (D:8)
  A wyvern skeleton (D:9)
  3 wights (D:9)
  4 killer bees (D:9)
  2 howler monkeys
  5 crimson imps
  A jelly (D:9)
  A giant frog zombie (D:8)
  2 hounds
  Crazy Yiuf (D:3)
  8 orc priests
  A giant frog skeleton (D:9)
  Jessica (D:3)
  3 iguanas
  6 orc wizards
  5 worker ants
  3 sheep (D:8)
  Robin (D:3)
  6 gnolls
  3 river rats (Sewer)
  12 adders
  2 shadow imps
  4 oozes
  2 worms
  A dart slug (D:1)
  3 giant geckos
  67 orcs
  6 bats
  A giant cockroach (D:2)
  11 goblins
  16 hobgoblins
  8 jackals
  2 quokkas
  5 ball pythons (Sewer)
  7 giant newts
  A jackal skeleton (D:4)
  26 kobolds
  29 rats
316 creatures vanquished.

Vanquished Creatures (others)
  A plant (D:10)
1 creature vanquished.

Grand Total: 317 creatures vanquished

Notes
Turn   | Place    | Note
--------------------------------------------------------------
     0 | D:1      | GFox the Formicid Monk began the quest for the Orb.
     0 | D:1      | Reached XP level 1. HP: 18/18 MP: 1/1
   160 | D:1      | Reached XP level 2. HP: 19/24 MP: 2/2
   887 | D:1      | Reached XP level 3. HP: 29/29 MP: 3/3
  1306 | D:2      | Reached XP level 4. HP: 31/37 MP: 4/4
  1312 | D:2      | Reached skill level 1 in Armour
  1503 | D:2      | Found a sacrificial altar of Ru.
  1636 | D:2      | Reached XP level 5. HP: 30/42 MP: 5/5
  1794 | D:3      | Noticed Jessica
  1807 | D:3      | Killed Jessica
  1807 | D:3      | Reached skill level 2 in Armour
  2018 | D:3      | Found a glowing drain.
  2026 | Sewer    | Entered a sewer
  2039 | Sewer    | Reached skill level 5 in Unarmed Combat
  2762 | Sewer    | Reached XP level 6. HP: 39/48 MP: 6/6
  3142 | D:3      | Gained mutation: You are somewhat resistant to further mutation. [potion of mutation]
  3145 | D:3      | Reached skill level 3 in Armour
  3320 | D:3      | Noticed Crazy Yiuf
  3322 | D:3      | Lost mutation: You are somewhat resistant to further mutation. [potion of cure mutation]
  3329 | D:3      | Killed Crazy Yiuf
  3417 | D:3      | Reached XP level 7. HP: 55/55 MP: 7/7
  3425 | D:3      | Reached skill level 5 in Fighting
  3705 | D:3      | Noticed Robin
  3714 | D:3      | Killed Robin
  3895 | D:4      | Reached skill level 4 in Armour
  3919 | D:4      | Reached skill level 1 in Staves
  3957 | D:4      | Found a burning altar of Makhleb.
  4077 | D:4      | Found an opulent altar of Gozag.
  4255 | D:4      | Found a staircase to the Ecumenical Temple.
  4263 | Temple   | Entered the Ecumenical Temple
  4665 | D:5      | Entered Level 5 of the Dungeon
  4739 | D:5      | Reached XP level 8. HP: 58/62 MP: 8/8
  4758 | D:5      | Gained mutation: Scrolls take you a little longer to read. [potion of mutation]
  4758 | D:5      | Gained mutation: Your body sometimes deteriorates upon taking damage. [potion of mutation]
  4758 | D:5      | Gained mutation: Your muscles are strong. (Str +2) [potion of mutation]
  5534 | D:6      | Reached skill level 5 in Armour
  5578 | D:6      | Gained mutation: You passively map a small area around you. [potion of mutation]
  5578 | D:6      | Gained mutation: You possess an exceptional clarity of mind. [potion of mutation]
  5654 | D:6      | Found Akip's General Store.
  6183 | D:7      | Noticed a wyvern
  6191 | D:7      | Killed a wyvern
  6194 | D:7      | Found Uklul's Antique Weapon Boutique.
  6369 | D:7      | Reached skill level 6 in Armour
  6369 | D:7      | Reached XP level 9. HP: 63/70 MP: 9/9
  6443 | D:7      | Noticed Joseph
  6456 | D:7      | Killed Joseph
  6478 | D:7      | Found a white marble altar of Elyvilon.
  6481 | D:7      | Found a stormy altar of Qazlal.
  6493 | D:7      | Became a worshipper of Qazlal Stormbringer
  6493 | D:7      | Reached * piety under Qazlal
  6493 | D:7      | Reached ** piety under Qazlal
  6623 | D:7      | Reached skill level 5 in Staves
  6641 | D:7      | Reached skill level 7 in Armour
  6910 | D:7      | Found a snail-covered altar of Cheibriados.
  7366 | D:8      | Found a shimmering altar of Xom.
  7437 | D:8      | Noticed Erica
  7450 | D:8      | Killed Erica
  7450 | D:8      | Reached skill level 1 in Axes
  7450 | D:8      | Reached skill level 8 in Armour
  7450 | D:8      | Reached XP level 10. HP: 71/80 MP: 10/10
  7455 | D:8      | Reached skill level 9 in Armour
  7686 | D:8      | Reached skill level 10 in Armour
  7751 | D:8      | Found a glowing silver altar of Zin.
  7798 | D:8      | Gained mutation: Your body often deteriorates upon taking damage. [potion of mutation]
  7798 | D:8      | Gained mutation: You are clumsy. (Dex -2) [potion of mutation]
  7799 | D:8      | Gained mutation: Your magical capacity is low (-10% MP). [potion of mutation]
  7799 | D:8      | Gained mutation: You have large cloven feet. [potion of mutation]
  7800 | D:8      | Gained mutation: You are partially covered in molten scales (AC +1). [potion of mutation]
  8483 | D:9      | Reached *** piety under Qazlal
  8710 | D:9      | Reached XP level 11. HP: 68/89 MP: 9/9
  8714 | D:9      | Reached skill level 11 in Armour
  9450 | D:9      | Reached skill level 5 in Axes
  9498 | D:10     | Entered Level 10 of the Dungeon
  9599 | D:10     | HP: 3/90 [orc warrior/war axe (16)]
  9787 | D:10     | Noticed an orc warlord
  9807 | D:10     | Reached **** piety under Qazlal
  9808 | D:10     | Killed an orc warlord
  9808 | D:10     | Reached skill level 10 in Fighting
 10454 | D:10     | Reached skill level 12 in Armour
 10493 | D:10     | Noticed Urug
 10512 | D:10     | Slain by Urug

Skill      XL: |  1  2  3  4  5  6  7  8  9 10 11 |
---------------+----------------------------------+-----
Dodging        | 3 4 |  4.5
Armour         | 1 2 3 4 6 8 10 12 | 12.0
Fighting       | 4 5 6 7 9 10 | 10.3
Stealth        | 3 |  3.9
Unarmed Combat | 5 |  5.9
Staves         | 1 4 5 |  5.0
Axes           | 1 4 6 |  6.4

Action                   |  1- 3 |  4- 6 |  7- 9 | 10-12 || total
-------------------------+-------+-------+-------+-------++-------
Melee: Unarmed           |   113 |   302 |       |       ||   415
       Punch             |       |     3 |     7 |     7 ||    17
       Quarterstaff      |       |     7 |   216 |       ||   223
       Hand axe          |       |       |    28 |   232 ||   260
       Kick              |       |       |       |    84 ||    84
       Battleaxe         |       |       |       |    83 ||    83
Throw: Tomahawk          |       |       |       |     2 ||     2
 Abil: Dig               |       |       |     2 |       ||     2
  Use: Potion            |       |    11 |     2 |    14 ||    27
       Scroll            |       |       |     7 |     6 ||    13
 Stab: Sleeping          |     1 |       |       |       ||     1
  Eat: Chunk             |     1 |     8 |     7 |    12 ||    28
       Royal jelly       |       |       |     2 |     1 ||     3
       Pizza             |       |       |     1 |       ||     1
Armor: Plate armour      |    52 |   206 |   183 |   168 ||   609
       Ring mail         |     6 |       |       |       ||     6
       Skin              |       |    15 |       |       ||    15
Dodge: Dodged            |    29 |    93 |    98 |   127 ||   347
       Deflected         |       |       |       |     2 ||     2
Block: Other             |    24 |    64 |    56 |   130 ||   274
       Reflection        |     3 |     2 |       |     3 ||     8
